 Dungeon Crawl Stone Soup version 0.31-a0-662-g684573625c (webtiles) character file.

Game seed: 16598523882504121158

950 arthad the Trooper (level 7, -3/64 HPs)
             Began as a Minotaur Fighter on Aug 31, 2023.
             Was a Follower of Okawaru.
             Slain by a komodo dragon (25 damage)
             ... on level 6 of the Dungeon.
             The game lasted 00:05:13 (4419 turns).

arthad the Trooper (Minotaur Fighter)               Turns: 4419, Time: 00:05:14

Health: -3/64      AC:  8    Str: 22    XL:     7   Next: 90%
Magic:  6/6        EV: 10    Int:  5    God:    Okawaru [*.....]
Gold:   361        SH:  5    Dex: 10    Spells: 6/6 levels left

rFire   + . .        a - +0 war axe
rCold   . . .        c - +0 buckler
rNeg    . . .        v - +2 ring mail {rF+}
rPois   .            (helmet restricted)
rElec   .            (no cloak)
rCorr   .            (no gloves)
SInv    .            (no boots)
Will    .....        (no amulet) Stlth
                     (no ring)
HPRegen 0.30/turn    (no ring)
MPRegen 0.10/turn

%: no passive effects
@: no status effects
A: horns 2, retaliatory headbutt
a: Renounce Religion, Heroism


You were on level 6 of the Dungeon.
You worshipped Okawaru.
Okawaru was aware of your devotion.
You visited 2 branches of the dungeon, and saw 7 of its levels.

You collected 361 gold pieces.

Inventory:

Hand Weapons
 a - a +0 war axe (weapon)
 t - a +0 morningstar
Missiles
 l - 2 poisoned darts (quivered)
Armour
 b - a +0 scale mail
 c - a +0 buckler (worn)
 v - a +2 ring mail of fire resistance (worn)
Wands
 j - a wand of iceblast (4)
Scrolls
 f - a scroll of enchant weapon {unknown}
 m - a scroll of identify {unknown}
 p - a scroll of enchant armour {unknown}
 q - a scroll of immolation {unknown}
 r - a scroll of revelation {unknown}
 u - a scroll of vulnerability {unknown}
 w - a scroll of amnesia {unknown}
 x - a scroll of teleportation {unknown}
Potions
 d - 3 potions of might
 e - a potion of attraction {unknown}
 g - a potion of heal wounds {unknown}
 h - a potion of haste
 i - 3 potions of curing {unknown}
 k - a potion of berserk rage
 n - 2 potions of invisibility {unknown}
 o - a potion of magic {unknown}
 s - a potion of brilliance {unknown}


   Skills:
 * Level 6.5 Fighting
 * Level 6.0 Axes
 + Level 6.3 Armour
 + Level 6.3 Shields
 + Level 1.2 Invocations


You had 6 spell levels left.
You didn't know any spells.
Your spell library contained the following spells:

 Spells                   Type           Power      Damage    Failure   Level
 Ensorcelled Hibernation  Hex/Ice        0%         N/A       83%         2
 Lesser Beckoning         Tloc           0%         N/A       83%         2
 Wereblood                Tmut           0%         N/A       83%         2
 Gell's Gravitas          Tloc           0%         N/A       96%         3
 Teleport Other           Tloc           0%         N/A       96%         3
 Anguish                  Hex/Necr       0%         N/A       100%        4
 Olgreb's Toxic Radiance  Pois           0%         N/A       100%        4
 Passage of Golubria      Tloc           0%         N/A       100%        4
 Irradiate                Conj/Tmut      0%         3d11      100%        5
 Silence                  Hex/Air        0%         N/A       100%        5
 Discord                  Hex            0%         N/A       100%        8
 Ignition                 Fire           0%         3d3       100%        8
 Lehudib's Crystal Spear  Conj/Erth      0%         10d2      100%        8


Dungeon Overview and Level Annotations

Branches:
Dungeon (6/15)             Temple (1/1) D:4

Altars:
Ashenzari
Dithmenos
Elyvilon
Fedhas
Gozag
Hepliaklqana
Kikubaaqudgha
Makhleb
Nemelex Xobeh
Okawaru
Qazlal
Ru
Sif Muna
Trog
Uskayaw
Vehumet
Wu Jian
Xom
Yredelemnul
Zin
The Shining One

Shops:
D:1 ?


Innate Abilities, Weirdness & Mutations

You have a pair of horns on your head.
You reflexively headbutt those who attack you in melee.


Message History

There is a stone staircase leading down here.
You climb downwards.
There is a stone staircase leading up here.
You pick up the Unrestrained Analects and begin reading...
You add the spells Olgreb's Toxic Radiance, Ignition and Discord to your library.
Found a stone staircase leading down.
There is a stone staircase leading down here.
A komodo dragon comes into view.
The komodo dragon hisses angrily.
You throw a poisoned dart.
The poisoned dart hits the komodo dragon.
You throw a poisoned dart.
The poisoned dart closely misses the komodo dragon.
You throw a poisoned dart.
The poisoned dart hits the komodo dragon.
The komodo dragon is poisoned.
You throw a poisoned dart.
The poisoned dart hits the komodo dragon.
You throw a poisoned dart.
The poisoned dart hits the komodo dragon.
The komodo dragon looks even sicker.
The komodo dragon is lightly wounded.
You barely miss the komodo dragon.
You headbutt the komodo dragon, but do no damage.
The komodo dragon is lightly wounded.
The komodo dragon bites you.
You hit the komodo dragon but do no damage.
You headbutt the komodo dragon.
The komodo dragon is moderately wounded.
The komodo dragon bites you!!
You hit the komodo dragon.
The komodo dragon is moderately wounded.
The komodo dragon bites you but does no damage.
The komodo dragon bites you!!
You are too injured to fight recklessly!
You are too injured to fight recklessly!
You hit the komodo dragon.
The komodo dragon is heavily wounded.
The komodo dragon bites you!!
You die...

#(#. .. # ##(#.
... #.##...###..
#.#..(.....
#$...(...#
###....(...#
...$...l...#
#..@..# #.....#
#.#...######
#.#......>.#
#........#....#
#.#.#.##.........
#.#..............
#.###########.###
#........ .#


You could see a komodo dragon (poisoned).

Vanquished Creatures
  Grinder (D:5)
  A phantom (D:4)
  A scorpion (D:5)
  A jelly (D:5)
  2 hounds (D:5)
  4 orc priests
  2 sleepcaps
  3 iguanas
  3 orc wizards
  4 gnolls (D:5)
  9 adders
  2 worms (D:3)
  2 dart slugs
  11 orcs
  10 ball pythons
  7 endoplasms
  2 giant cockroaches
  5 goblins
  5 hobgoblins
  7 jackals
  4 kobolds
  5 quokkas
  7 bats
  2 frilled lizards (D:1)
  4 rats
104 creatures vanquished.

Notes
Turn   | Place    | Note
-------+----------+-------------------------------------------
     0 | D:1      | arthad the Minotaur Fighter began the quest for the Orb.
     0 | D:1      | Reached XP level 1. HP: 19/19 MP: 0/0
    85 | D:1      | Reached XP level 2. HP: 22/27 MP: 1/1
   123 | D:1      | Found Vukhlong's Magic Scroll Boutique.
   682 | D:1      | Reached XP level 3. HP: 33/33 MP: 2/2
  1675 | D:3      | Reached XP level 4. HP: 38/40 MP: 3/3
  2017 | D:4      | Noticed a phantom
  2024 | D:4      | Killed a phantom
  2025 | D:4      | Reached skill level 5 in Armour
  2025 | D:4      | Reached XP level 5. HP: 47/47 MP: 4/4
  2098 | D:4      | Found a staircase to the Ecumenical Temple.
  2104 | Temple   | Entered the Ecumenical Temple
  2117 | Temple   | Became a worshipper of Warmaster Okawaru
  2272 | D:4      | Reached skill level 5 in Shields
  2311 | D:4      | Reached skill level 5 in Fighting
  2636 | D:4      | Reached XP level 6. HP: 13/56 MP: 5/5
  2909 | D:5      | Entered Level 5 of the Dungeon
  3021 | D:5      | Noticed Grinder
  3039 | D:5      | Paralysed by Grinder for 3 turns
  3048 | D:5      | Paralysed by Grinder for 4 turns
  3054 | D:5      | Killed Grinder
  3055 | D:5      | Reached skill level 5 in Axes
  3055 | D:5      | Reached XP level 7. HP: 43/62 MP: 6/6
  3167 | D:5      | Reached * piety under Okawaru
  3690 | D:5      | Reached skill level 1 in Invocations
  4410 | D:6      | Noticed a komodo dragon
  4419 | D:6      | Slain by a komodo dragon

Illustrated notes

Levels and vault maps discovered:
D:1:      amcnicky_arrival_abandoned_market, layout_basic, serial_shops,
          nicolae_shop_hallway_plus, minivault_26
D:2:      layout_loops_ring
D:3:      layout_rooms, minmay_gold_behind_fungi
D:4:      layout_loops_ring, minmay_temple_entry_fiery
D:5:      layout_layer_cave, corexii_item_surrounded_by_moat, uniq_grinder
D:6:      layout_loops_ring, minmay_fractal_squares_diagonal_5, uniq_edmund
Temple:   nicolae_temple_bog_church

Skill      XL: |  1  2  3  4  5  6  7 |
---------------+----------------------+-----
Armour         | 4 5 6 |  6.3
Shields        | 4 5 6 |  6.3
Fighting       | 4 5 6 |  6.5
Axes           | 3 4 5 6 |  6.0
Invocations    | 1 |  1.2

Action                     |  1- 3 |  4- 6 |  7- 9 || total
---------------------------+-------+-------+-------++-------
  Melee: War axe           |   105 |    87 |    72 ||   264
         Headbutt          |     9 |    10 |    13 ||    32
  Throw: Dart              |       |     3 |     5 ||     8
  Evoke: Wand              |       |     4 |       ||     4
    Use: Potion            |       |     2 |       ||     2
 Armour: Scale mail        |    74 |    63 |    27 ||   164
         Ring mail         |       |       |    36 ||    36
  Dodge: Dodged            |    51 |    33 |    36 ||   120
  Block: Buckler           |    30 |    15 |    16 ||    61

Table legend: (Time is in decaauts)
 A = Elapsed time spent in this place.
 B = Non-inter-level travel time spent in this place.
 C = Inter-level travel time spent in this place.
 D = Time resting spent in this place.
 E = Time spent auto-exploring this place.
 F = Levels seen in this place.
 G = Mean time per level.
                   A        B        C        D        E       F      G
               +--------+--------+--------+--------+--------+-----+--------+
         Total |   4508 |   4339 |    169 |     13 |   3578 |   7 |  644.0 |
       Dungeon |   4481 |   4337 |    144 |     13 |   3578 |   6 |  746.8 |
        Temple |     26 |      1 |     25 |      0 |      0 |   1 |   26.0 |
               +--------+--------+--------+--------+--------+-----+--------+

Top non-repeatable levels by time:
     D:5: 1495 daAuts
     D:4: 892 daAuts
     D:1: 775 daAuts
     D:2: 744 daAuts
     D:3: 538 daAuts
     D:6: 35 daAuts
  Temple: 26 daAuts
